MWL (24 & UNDER)
LITTLE ROCK LEMMIWINKS @ CINCINNATI PRIDE
05/01/2030
 
TOP OF THE 1ST
Little Rock Lemmiwinks batting - Pitching for Cincinnati Pride : RHP Ben Larsen
Pitching: RHP Ben Larsen
Batting: RHB Kokaji Ridha 0-0: Called Strike
0-1: Foul Ball, location: 2F
0-2: Ball
1-2: Strikes out looking
Batting: LHB Horace Kramer 0-0: SINGLE (Groundball, 34) (infield hit)
Batting: RHB Eduardo Rojas 0-0: Ball
1-0: Ball
2-0: Called Strike
2-1: Called Strike
2-2: Foul Ball, location: 2F
2-2: Foul Ball, location: 2F
2-2: Strikes out looking
Batting: LHB Ryan Martin 0-0: Ball
1-0: Ground out 3-1 (Groundball, 34S)
Top of the 1st over - 0 runs, 1 hit, 0 errors, 1 left on base; Little Rock 0 - Cincinnati 0
BOTTOM OF THE 1ST
Cincinnati Pride batting - Pitching for Little Rock Lemmiwinks : RHP Dan Catron
Pitching: RHP Dan Catron
Batting: LHB Rubén Eirado 0-0: Ball
1-0: Swinging Strike
1-1: Ball
2-1: Swinging Strike
2-2: Strikes out swinging
Batting: LHB Pablo Garza 0-0: Foul Ball, location: 2F
0-1: Ball
1-1: Swinging Strike
1-2: Strikes out swinging
Batting: RHB Orlando González 0-0: Ball
1-0: Called Strike
1-1: Called Strike
1-2: Ball
2-2: Ball
3-2: Strikes out swinging
Bottom of the 1st over - 0 runs, 0 hits, 0 errors, 0 left on base; Little Rock 0 - Cincinnati 0
TOP OF THE 2ND
Little Rock Lemmiwinks batting - Pitching for Cincinnati Pride : RHP Ben Larsen
Batting: LHB Lorenzo Féliz 0-0: Foul Ball, location: 2F
0-1: Foul Ball, location: 2F
0-2: Fly out, F6 (Line Drive, 6)
Batting: RHB Roberto Valdéz 0-0: Called Strike
0-1: Ball
1-1: Foul Ball, location: 2F
1-2: Ball
2-2: TRIPLE (Flyball, 78XD)
Batting: RHB José Rodríguez 0-0: Ball
1-0: Called Strike
1-1: Ball
2-1: Foul Ball, location: 2F
2-2: Fly out, F3 (Popup, 34S)
Batting: RHB Júlio Colón 0-0: Swinging Strike
0-1: Swinging Strike
0-2: Ball
Wild Pitch!
Roberto Valdéz scores
1-2: Foul Ball, location: 2F
1-2: Foul Ball, location: 2F
1-2: Strikes out swinging
Top of the 2nd over - 1 run, 1 hit, 0 errors, 0 left on base; Little Rock 1 - Cincinnati 0
BOTTOM OF THE 2ND
Cincinnati Pride batting - Pitching for Little Rock Lemmiwinks : RHP Dan Catron
Batting: LHB Terry Barton 0-0: Ball
1-0: Ball
2-0: Called Strike
2-1: Foul Ball, location: 2F
2-2: Fly out, F4 (Line Drive, 4)
Batting: LHB José Esparza 0-0: Called Strike
0-1: Swinging Strike
0-2: Strikes out swinging
Batting: RHB Luis Manuel Medrano 0-0: Called Strike
0-1: Ball
1-1: Ball
2-1: Ball
3-1: Foul Ball, location: 2F
3-2: Strikes out looking
Bottom of the 2nd over - 0 runs, 0 hits, 0 errors, 0 left on base; Little Rock 1 - Cincinnati 0
TOP OF THE 3RD
Little Rock Lemmiwinks batting - Pitching for Cincinnati Pride : RHP Héctor Fabián
Pitching: RHP Héctor Fabián
Batting: RHB Norberto Gallardo 0-0: Swinging Strike
0-1: Ball
1-1: Ball
2-1: Ball
3-1: Called Strike
3-2: Strikes out swinging
Batting: RHB Kokaji Ridha 0-0: Ball
1-0: Called Strike
1-1: Ball
2-1: Swinging Strike
2-2: Fly out, F7 (Flyball, 78S)
Batting: LHB Horace Kramer 0-0: Ball
1-0: Foul Ball, location: 2F
1-1: Foul Ball, location: 2F
1-2: Ball
2-2: Fly out, F5 (Popup, 5SF)
Top of the 3rd over - 0 runs, 0 hits, 0 errors, 0 left on base; Little Rock 1 - Cincinnati 0
BOTTOM OF THE 3RD
Cincinnati Pride batting - Pitching for Little Rock Lemmiwinks : RHP Dan Catron
Batting: SHB Paco Estrada 0-0: Called Strike
0-1: SINGLE (Line Drive, 9LS)
Batting: RHB Travis Jackson 0-0: Called Strike
0-1: Ball
1-1: Ball
2-1: Foul Ball, location: 2F
2-2: Strikes out swinging
Batting: RHB Owen Grant 0-0: Called Strike
0-1: Foul Ball, location: 2F
0-2: Foul Ball, location: 2F
0-2: Strikes out looking
Batting: LHB Rubén Eirado 0-0: Swinging Strike
0-1: Foul Ball, location: 2F
0-2: Foul Ball, location: 2F
0-2: Strikes out swinging
Bottom of the 3rd over - 0 runs, 1 hit, 0 errors, 1 left on base; Little Rock 1 - Cincinnati 0
TOP OF THE 4TH
Little Rock Lemmiwinks batting - Pitching for Cincinnati Pride : RHP Héctor Fabián
Batting: RHB Eduardo Rojas 0-0: Ball
1-0: Foul Ball, location: 2F
1-1: Fly out, F8 (Flyball, 8RM)
Batting: LHB Ryan Martin 0-0: Foul Ball, location: 2F
0-1: Ball
1-1: DOUBLE (Line Drive, 9D)
Batting: LHB Lorenzo Féliz 0-0: Ball
1-0: Swinging Strike
1-1: Called Strike
1-2: Ball
2-2: Strikes out swinging
Batting: RHB Roberto Valdéz 0-0: Ball
1-0: Ball
2-0: Called Strike
2-1: Foul Ball, location: 2F
2-2: Ground out 6-3 (Groundball, 6)
Top of the 4th over - 0 runs, 1 hit, 0 errors, 1 left on base; Little Rock 1 - Cincinnati 0
BOTTOM OF THE 4TH
Cincinnati Pride batting - Pitching for Little Rock Lemmiwinks : RHP Dan Catron
Batting: LHB Pablo Garza 0-0: Called Strike
0-1: Swinging Strike
0-2: Ball
1-2: Ball
2-2: Ball
3-2: Base on Balls
Batting: RHB Orlando González Balk!
Pablo Garza to second
0-0: Called Strike
0-1: Ball
1-1: Called Strike
1-2: Strikes out swinging
Batting: LHB Terry Barton 0-0: Called Strike
0-1: Ball
1-1: Ball
2-1: Ball
3-1: Base on Balls
Batting: LHB José Esparza 0-0: Ball
Wild Pitch!
Pablo Garza to third
Terry Barton to second
1-0: Swinging Strike
1-1: Foul Ball, location: 2F
1-2: Ball
2-2: Ball
3-2: Strikes out looking
Batting: RHB Luis Manuel Medrano 0-0: Called Strike
0-1: Swinging Strike
0-2: Ball
1-2: Ball
2-2: DOUBLE (Groundball, 5L)
Pablo Garza scores
Terry Barton scores
Pitching: RHP Shawn Moore
Batting: SHB Paco Estrada 0-0: Called Strike
0-1: Ball
1-1: Ball
2-1: Foul Ball, location: 2F
2-2: Foul Ball, location: 2F
2-2: Strikes out swinging
Bottom of the 4th over - 2 runs, 1 hit, 0 errors, 1 left on base; Little Rock 1 - Cincinnati 2
TOP OF THE 5TH
Little Rock Lemmiwinks batting - Pitching for Cincinnati Pride : RHP Héctor Fabián
Batting: RHB José Rodríguez 0-0: Called Strike
0-1: Called Strike
0-2: Hit by Pitch
Batting: RHB Júlio Colón 0-0: Fly out, F5 (Line Drive, 5)
Batting: RHB Norberto Gallardo 0-0: Ball
1-0: Called Strike
1-1: Foul Ball, location: 2F
1-2: Strikes out swinging
Batting: RHB Kokaji Ridha 0-0: Ball
1-0: Ball
2-0: Called Strike
2-1: Ball
3-1: Ground out 4-3 (Groundball, 4)
Top of the 5th over - 0 runs, 0 hits, 0 errors, 1 left on base; Little Rock 1 - Cincinnati 2
BOTTOM OF THE 5TH
Cincinnati Pride batting - Pitching for Little Rock Lemmiwinks : RHP Shawn Moore
Batting: RHB Travis Jackson 0-0: Foul Ball, location: 2F
0-1: Swinging Strike
0-2: Ball
1-2: Ball
2-2: Foul Ball, location: 2F
2-2: Strikes out looking
Batting: RHB Owen Grant 0-0: Called Strike
0-1: Ball
1-1: Swinging Strike
1-2: Strikes out swinging
Batting: LHB Rubén Eirado 0-0: Called Strike
0-1: Ball
1-1: Foul Ball, location: 2F
1-2: Strikes out swinging
Bottom of the 5th over - 0 runs, 0 hits, 0 errors, 0 left on base; Little Rock 1 - Cincinnati 2
TOP OF THE 6TH
Little Rock Lemmiwinks batting - Pitching for Cincinnati Pride : RHP Héctor Fabián
Batting: LHB Horace Kramer 0-0: Swinging Strike
0-1: DOUBLE (Line Drive, 8LXD)
Batting: RHB Eduardo Rojas 0-0: Foul Ball, location: 2F
0-1: Called Strike
0-2: Ball
1-2: Strikes out swinging
Batting: LHB Ryan Martin 0-0: Called Strike
0-1: Ground out 3-1 (Groundball, 34)
Horace Kramer to third
Batting: LHB Lorenzo Féliz 0-0: Ball
1-0: Ball
2-0: Ball
3-0: Called Strike
3-1: Ground out U3 (Groundball, 34)
Top of the 6th over - 0 runs, 1 hit, 0 errors, 1 left on base; Little Rock 1 - Cincinnati 2
BOTTOM OF THE 6TH
Cincinnati Pride batting - Pitching for Little Rock Lemmiwinks : RHP Shawn Moore
Batting: LHB Pablo Garza 0-0: Fly out, F2 (Popup, 2LF)
Batting: RHB Orlando González 0-0: Swinging Strike
0-1: Ball
1-1: Foul Ball, location: 2F
1-2: Ball
2-2: Ball
3-2: Reached on error, E3 (Groundball, 34)
Batting: LHB Terry Barton 0-0: Grounds into double play, 6-4-3 (Groundball, 6MD)
Bottom of the 6th over - 0 runs, 0 hits, 1 error, 0 left on base; Little Rock 1 - Cincinnati 2
TOP OF THE 7TH
Little Rock Lemmiwinks batting - Pitching for Cincinnati Pride : RHP Héctor Fabián
Batting: RHB Roberto Valdéz 0-0: Called Strike
0-1: SINGLE (Flyball, 7LS)
Pinch Hitting: LHB José Pérez 0-0: Sac Bunt - play at first, batter safe!
Roberto Valdéz to second
Batting: RHB Júlio Colón 0-0: Sac Bunt - play at first, batter OUT! 1-4
Roberto Valdéz to third
José Pérez to second
Pinch Hitting: RHB Germán Vargas 0-0: Foul Ball, location: 2F
0-1: Ball
1-1: Foul Ball, location: 2F
1-2: Ball
2-2: Ball
3-2: Fly out, F8 (Line Drive, 89D)
Runner from 3rd tags up, SCORES, no throw
Batting: RHB Kokaji Ridha 0-0: Foul Ball, location: 2F
0-1: Ball
1-1: Ball
2-1: Ball
3-1: Swinging Strike
3-2: Strikes out looking
Top of the 7th over - 1 run, 2 hits, 0 errors, 1 left on base; Little Rock 2 - Cincinnati 2
BOTTOM OF THE 7TH
Cincinnati Pride batting - Pitching for Little Rock Lemmiwinks : RHP Shawn Moore
Pitching: LHP Tom Martin
Now at 2B: Manny Robles
Now in LF: Germán Vargas
Pinch Hitting: SHB Jorge Maldonado 0-0: Called Strike
0-1: Swinging Strike
0-2: Ball
1-2: DOUBLE (Groundball, 5L)
Batting: RHB Luis Manuel Medrano 0-0: Intentional Walk
Pitching: RHP Brian Harvey
Pinch Hitting: RHB Steve Meyers 0-0: Called Strike
Jorge Maldonado steals 3rd base
Luis Manuel Medrano to second
0-1: Ground out 4-3 (Groundball, 4)
Pinch Hitting: LHB Paul Holcomb 0-0: Intentional Walk
Batting: RHB Owen Grant 0-0: Ball
1-0: Ball
2-0: Ball
3-0: Called Strike
3-1: Base on Balls
Jorge Maldonado scores
Luis Manuel Medrano to third
Paul Holcomb to second
Batting: LHB Rubén Eirado 0-0: Ball
1-0: Swinging Strike
1-1: Foul Ball, location: 2F
1-2: Ball
2-2: Foul Ball, location: 2F
2-2: Strikes out swinging
Batting: LHB Pablo Garza 0-0: Ball
1-0: Swinging Strike
1-1: Ball
2-1: Swinging Strike
2-2: Ball
3-2: Foul Ball, location: 2F
3-2: Strikes out swinging
Bottom of the 7th over - 1 run, 1 hit, 0 errors, 3 left on base; Little Rock 2 - Cincinnati 3
TOP OF THE 8TH
Little Rock Lemmiwinks batting - Pitching for Cincinnati Pride : RHP Héctor Fabián
Pitching: LHP Graham O'Day
Now at 2B: Steve Meyers
Now at 3B: Jorge Maldonado
Now in RF: Raúl Gómez
Batting: LHB Horace Kramer 0-0: Foul Ball, location: 2F
0-1: Foul Ball, location: 2F
0-2: Strikes out swinging
Batting: RHB Eduardo Rojas 0-0: Foul Ball, location: 2F
0-1: Ball
1-1: Ball
2-1: Swinging Strike
2-2: Fly out, F7 (Line Drive, 78D)
Batting: LHB Ryan Martin 0-0: Ball
1-0: Swinging Strike
1-1: Ball
2-1: Foul Ball, location: 2F
2-2: Strikes out looking
Top of the 8th over - 0 runs, 0 hits, 0 errors, 0 left on base; Little Rock 2 - Cincinnati 3
BOTTOM OF THE 8TH
Cincinnati Pride batting - Pitching for Little Rock Lemmiwinks : RHP Brian Harvey
Batting: RHB Orlando González 0-0: Ball
1-0: Ball
2-0: Foul Ball, location: 2F
2-1: Foul Ball, location: 2F
2-2: Ball
3-2: Base on Balls
Batting: LHB Terry Barton 0-0: Called Strike
0-1: Ball
1-1: Called Strike
1-2: Strikes out looking
Batting: SHB Jorge Maldonado 0-0: Fielders Choice at 2nd, 6-4 (Groundball, 6M)
Pinch Hitting: LHB Kevin Hatcher 0-0: Called Strike
0-1: Ball
1-1: Ball
2-1: Ball
3-1: Base on Balls
Jorge Maldonado to second
Batting: RHB Steve Meyers 0-0: Ball
1-0: Ball
2-0: Ball
3-0: Called Strike
3-1: Base on Balls
Jorge Maldonado to third
Kevin Hatcher to second
Batting: RHB Raúl Gómez 0-0: Called Strike
0-1: SINGLE (Groundball, 56) (infield hit)
Jorge Maldonado scores
Kevin Hatcher to third
Steve Meyers to second
Batting: RHB Owen Grant 0-0: Called Strike
0-1: Called Strike
0-2: Ball
1-2: Strikes out swinging
Bottom of the 8th over - 1 run, 1 hit, 0 errors, 3 left on base; Little Rock 2 - Cincinnati 4
TOP OF THE 9TH
Little Rock Lemmiwinks batting - Pitching for Cincinnati Pride : LHP Graham O'Day
Now in CF: Kevin Hatcher
Batting: LHB Lorenzo Féliz 0-0: Ball
1-0: Fly out, F7 (Flyball, 7LMF)
Batting: RHB Roberto Valdéz 0-0: Fly out, F9 (Line Drive, 9LM)
Batting: LHB Manny Robles 0-0: Ball
1-0: Called Strike
1-1: Ball
2-1: Ground out 6-3 (Groundball, 6)
Top of the 9th over - 0 runs, 0 hits, 0 errors, 0 left on base; Little Rock 2 - Cincinnati 4
Saturday, April 7th, 2018 - OOTP Baseball 18.8 Build 76